cohdb
Replays
Latest Replays
All Replays
Popular Replays
Top Player Replays
Match Explorer
How It Works
Community
CoH3 Stats
Reddit
Sign in to upload your games and track your stats! →
Sign in with Steam
Match 42888051
Unlisted
Match 42888051
Overview
Messages
Build Orders
End
Kradschützen Motorcycle Team
Panzergrenadier Squad
250 Light Carrier
Construct Light Support Kompanie
Fire Support Elements
Assault Grenadier Squad
le.IG 18 Mechanized Group
Flakvierling Half-track
Vehicle Survival Package
2.5-tonne Medical Truck
Assault Grenadier Squad
Pak 38 Anti-tank Gun Team
Construct Panzerarmee Kommand
Pak 38 Mechanized Group
Walking Stuka Rocket Launcher
Flakvierling Half-track
Armored Reserves
Selects Italian Combined Arms Battlegroup
Selects Semovente da 75/18 Assault Gun
Selects Strafing Run
Selects Artillery Cover
Artillery Cover
Billy Mitchell
Guernord
MisterMattress
this profile name wasn't taken
.
Fonzi
0
0
Comments
sign in to comment!
No comments posted yet!